 Dungeon Crawl Stone Soup version 0.21-a0-529-g8c7b3f5 (webtiles) character file.

37 Amnesiac the Grave Robber (level 3, -3/22 HPs)
             Began as a Deep Elf Necromancer on Dec 9, 2017.
             Slain by a worm (10 damage)
             ... on level 2 of the Dungeon.
             The game lasted 00:01:25 (955 turns).

Amnesiac the Grave Robber (Deep Elf Necromancer)     Turns: 955, Time: 00:01:25

Health: -3/22      AC:  2    Str:  5    XL:     3   Next: 23%
Magic:  3/9        EV: 13    Int: 20    God:
Gold:   41         SH:  0    Dex: 15    Spells: 1/8 levels left

rFire    . . .     SeeInvis .   f - +0 hunting sling
rCold    . . .     Gourm    .   (no shield)
rNeg     . . .     Faith    .   a - +0 robe
rPois    .         Spirit   .   (no helmet)
rElec    .         Reflect  .   (no cloak)
rCorr    .         Harm     .   (no gloves)
MR       .....                  (no boots)
Stlth    ++........             (no amulet)
HPRegen  0.07/turn              (no ring)
MPRegen  0.11/turn              (no ring)

@: no status effects
A: no striking features
a: no special abilities


You were on level 2 of the Dungeon.
You were not hungry.

You visited 1 branch of the dungeon, and saw 2 of its levels.

You collected 41 gold pieces.

Inventory:

Hand Weapons
 f - a +0 hunting sling (weapon)
Missiles
 e - 30 sling bullets (quivered)
Armour
 a - a +0 robe (worn)
 d - a +0 buckler
Books
 b - a book of Necromancy

   Spells                             Type                      Level
   a - Pain                           Necromancy                   1
   b - Animate Skeleton               Necromancy                   1
   c - Vampiric Draining              Necromancy                   3
   d - Regeneration                   Charms/Necromancy            3
   e - Animate Dead                   Necromancy                   4
   f - Control Undead                 Necromancy                   4
Comestibles
 c - 2 bread rations


   Skills:
 * Level 2.4 Fighting
 + Level 2.4 Dodging
 - Level 2.4 Stealth
 - Level 3.0 Spellcasting
 - Level 4.8 Necromancy


You had one spell level left.
You knew the following spells:

 Your Spells              Type           Power        Failure   Level  Hunger
a - Pain                  Necr           ###.         1%          1    None
d - Vampiric Draining     Necr           ###.......   6%          3    ###....
r - Regeneration          Chrm/Necr      ##........   16%         3    ###....


Dungeon Overview and Level Annotations

Branches:
Dungeon (2/15)

Altars:


Message History

Memorise Vampiric Draining, consuming 3 spell levels and leaving 4?
You start memorising the spell.
You continue memorising. x3
You finish memorising.
Spell assigned to 'd'.
Memorise Regeneration, consuming 3 spell levels and leaving 1?
You start memorising the spell.
You continue memorising. x3
You finish memorising.
Spell assigned to 'r'.
Casting: Pain
Confirm with . or Enter, or press ? or * to list all spells.
Your skin crawls.
You start resting.
Your skin is crawling a little less now.
HP restored.
You start resting.
Your skin stops crawling.
You start resting.
HP restored.
You start resting.
Magic restored.
You start resting.
Magic restored.
You climb downwards.
The rat bites you but does no damage.
There is a stone staircase leading up here.
Casting: Regeneration
Confirm with . or Enter, or press ? or * to list all spells.
Aiming: Pain
Press: ? - help, Shift-Dir - straight line, f - rat
Aim: a rat (chance to defeat MR: 91%)
The rat writhes in agony!
You kill the rat!
Casting: Pain
Confirm with . or Enter, or press ? or * to list all spells.
Aiming: Pain
Press: ? - help, Shift-Dir - straight line, f - worm
Aim: a worm (chance to defeat MR: 87%)
The worm writhes in agony!
Casting: Pain
Confirm with . or Enter, or press ? or * to list all spells.
Aiming: Pain
Press: ? - help, Shift-Dir - straight line, f/p - worm
Aim: a worm (heavily wounded, chance to defeat MR: 87%)
The worm writhes in agony!
The worm barely misses you.
Casting: Pain
Confirm with . or Enter, or press ? or * to list all spells.
Aiming: Pain
Press: ? - help, Shift-Dir - straight line, f/p - worm
Aim: a worm (heavily wounded, chance to defeat MR: 87%)
The worm barely resists.
An ooze comes into view.
Casting: Pain
Confirm with . or Enter, or press ? or * to list all spells.
Aiming: Pain
Press: ? - help, Shift-Dir - straight line, f/p - worm
Aim: a worm (heavily wounded, chance to defeat MR: 87%)
The worm writhes in agony!
The ooze quivers.
The worm bites you!
* * * LOW HITPOINT WARNING * * *
Casting: Pain
Confirm with . or Enter, or press ? or * to list all spells.
Aiming: Pain
Press: ? - help, Shift-Dir - straight line, f/p - worm
Aim: a worm (severely wounded, chance to defeat MR: 87%)
The worm writhes in agony!
The worm bites you!
You die...

#..###.r.g...
#..).........
#...(<...r..(
#.#.##.#.....
#.##.#w.#.#
.((.....
#.##...
#J##S.#.
#@##..#.#
#w##..#.#.#.
#w..........
####w.?.....
#..#.####
#.%# # #..#
#..# #w.#


You could see 2 worms and an ooze.

Vanquished Creatures
  An adder (D:2)
  A gnoll (D:1)
  A leopard gecko (D:1)
  A giant cockroach (D:1)
  3 goblins
  2 hobgoblins (D:1)
  3 jackals (D:1)
  A kobold (D:1)
  2 frilled lizards (D:1)
  3 rats
18 creatures vanquished.

Notes
Turn   | Place    | Note
-------+----------+-------------------------------------------
     0 | D:1      | Amnesiac the Deep Elf Necromancer began the quest for the Orb.
     0 | D:1      | Reached XP level 1. HP: 10/10 MP: 6/6
    58 | D:1      | Reached skill level 1 in Fighting
   269 | D:1      | Reached XP level 2. HP: 8/16 MP: 5/8
   871 | D:1      | Reached XP level 3. HP: 13/22 MP: 3/9
   876 | D:1      | Learned a level 3 spell: Vampiric Draining
   880 | D:1      | Learned a level 3 spell: Regeneration
   955 | D:2      | Slain by a worm

Vault maps used:
D:1:      erik_arrival_triangle_small, st_stairs_5, columned_hall_lemuel,
          grunt_decor_fettered
D:2:      chequers_ecumenical_altar_simple_redux

Skill      XL: |  1  2 |
---------------+-------+-----
Fighting       | 1 2 |  2.4
Dodging        | |  2.4
Stealth        | |  2.4
Spellcasting   | |  3.0
Necromancy     | |  4.8

Action                   || total
-------------------------++-------
 Fire: Hunting sling     ||    13
 Cast: Pain              ||    36
       Regeneration      ||     1
Armor: Robe              ||     4
Dodge: Dodged            ||    14

Table legend:
 A = Spawn XP
 B = Non-spawn XP
 C = Spawn XP percentage of total XP
 D = Spawn monster count
 E = Non-spawn monster count
 F = Spawn count percentage of total count
 G = Total turns spent on level
                    A         B        C        D         E        F      G
               +---------+---------+-------+---------+---------+-------+---------
         Total |       0 |      54 |   0.0 |       0 |      18 |   0.0 |   955
               +---------+---------+-------+---------+---------+-------+---------
           D:1 |       0 |      37 |   0.0 |       0 |      14 |   0.0 |   930
           D:2 |       0 |      17 |   0.0 |       0 |       4 |   0.0 |    25
               +---------+---------+-------+---------+---------+-------+---------
